 Dungeon Crawl Stone Soup version 0.18-a0-816-g97f838e (webtiles) character file.

159 cluie the Gusty (level 5, -5/38 HPs)
             Began as a Demonspawn Air Elementalist on Dec 15, 2015.
             Killed themself with a bounced zap (6 damage)
             ... on level 3 of the Dungeon.
             The game lasted 00:06:31 (3219 turns).

cluie the Gusty (Demonspawn Air Elementalist)       Turns: 3219, Time: 00:06:31

Health: -5/38      AC:  4    Str:  8    XL:     5   Next: 17%
Magic:  3/9        EV: 12    Int: 18    God:
Gold:   96         SH:  0    Dex: 13    Spells: 3 memorised, 3 levels left

rFire  . . .     SeeInvis .       - Unarmed
rCold  . . .     Clarity  .     a - +0 robe
rNeg   . . .     SustAt   .     (no shield)
rPois  .         Gourm    .     h - +0 helmet
rElec  .         Spirit   .     (no cloak)
rCorr  .         Dismiss  .     (no gloves)
rMut   .         Stasis   .     (no boots)
MR     .....                    (no amulet)
Stlth  +++.......               (no ring)
                                (no ring)

@: not resistant to hostile enchantments, fairly stealthy
A: claws 1, molten scales 1, nightstalker 1
a: no special abilities


You were on level 3 of the Dungeon.
You were not hungry.

You visited 1 branch of the dungeon, and saw 3 of its levels.

You collected 96 gold pieces.

Inventory:

Armour
 a - a +0 robe (worn)
 h - a +0 helmet (worn)
Scrolls
 d - 3 scrolls of identify
 e - a scroll of enchant weapon {unknown}
 i - a scroll of fog {unknown}
Books
 b - a book of Air

   Spells                             Type                      Level
   a - Shock                          Conjuration/Air              1
   b - Swiftness                      Charms/Air                   2
   c - Repel Missiles                 Charms/Air                   2
   d - Static Discharge               Conjuration/Air              3
   e - Lightning Bolt                 Conjuration/Air              5
Comestibles
 c - 2 bread rations
 f - 6 fruits
 j - 7 chunks of flesh


   Skills:
 - Level 1.7 Fighting
 - Level 2.0 Dodging
 - Level 1.7 Stealth
 * Level 1.6 Unarmed Combat
 - Level 2.6 Spellcasting
 - Level 2.4 Conjurations
 - Level 3.4 Air Magic


You had 3 spell levels left.
You knew the following spells:

 Your Spells              Type           Power        Failure   Level  Hunger
a - Shock                 Conj/Air       ##..         6%          1    #......
b - Repel Missiles        Chrm/Air       #.....       14%         2    ##.....
c - Static Discharge      Conj/Air       ##......     17%         3    ###....


Dungeon Overview and Level Annotations

Branches:
Dungeon (3/15)

Altars:
Sif Muna

Annotations:
D:3 Grinder


Innate Abilities, Weirdness & Mutations

You have sharp fingernails.
You are partially covered in molten scales (AC +1).
You are slightly more attuned to the shadows.


Message History

Aim: an orc wizard, wielding a dagger and wearing a robe (severely wounded, fast) That beam is likely to hit you.
Continue anyway?
The zap misses the orc wizard.
The zap hits the orc wizard.
The orc wizard is almost dead.
The zap misses you. The orc wizard misses you.
The orc wizard closely misses you.
Casting: Shock
Confirm with . or Enter, or press ? or * to list all spells.
Aiming: Shock
Press: ? - help, Shift-Dir - straight line, f/p - orc wizard
Aim: an orc wizard, wielding a dagger and wearing a robe (almost dead, fast) That beam is likely to hit you.
Continue anyway?
The zap misses the orc wizard.
The zap hits the orc wizard.
You kill the orc wizard!
Your Unarmed Combat skill increases to level 1!
You have reached level 5!
Your demonic ancestry asserts itself...
Molten scales grow over part of your body.
The zap hits you!
You die...

####### #..@).# ####.###.#
### #....# #.# #.. #.####
#.# #.# #. #.# #.#
..######.# #.######
####.......#######.##...#
###..........ยง.............
#......####.....#####....(.


There were no monsters in sight!

Vanquished Creatures
  An orc wizard (D:3)
  6 adders (D:2)
  A worm (D:2)
  2 giant geckos (D:1)
  2 orcs (D:3)
  A ball python (D:1)
  5 giant cockroaches
  8 goblins
  8 hobgoblins
  5 jackals
  2 quokkas (D:2)
  6 bats
  3 giant newts
  7 kobolds
  9 rats
66 creatures vanquished.

Notes
Turn   | Place    | Note
--------------------------------------------------------------
     0 | D:1      | cluie the Demonspawn Air Elementalist began the quest for the Orb.
     0 | D:1      | Reached XP level 1. HP: 13/13 MP: 3/3
   239 | D:1      | Gained mutation: You have sharp fingernails. [demonic ancestry]
   239 | D:1      | Reached XP level 2. HP: 17/20 MP: 1/5
   601 | D:1      | Reached skill level 3 in Air Magic
   972 | D:1      | Reached XP level 3. HP: 25/25 MP: 3/6
  1269 | D:1      | Learned a level 2 spell: Repel Missiles
  1593 | D:2      | Reached skill level 1 in Fighting
  1917 | D:2      | Learned a level 3 spell: Static Discharge
  2007 | D:2      | Gained mutation: You are slightly more attuned to the shadows. [demonic ancestry]
  2007 | D:2      | Reached XP level 4. HP: 20/32 MP: 0/7
  2626 | D:2      | Found a deep blue altar of Sif Muna.
  3184 | D:3      | Noticed Grinder
  3217 | D:3      | HP: 1/33 [orc wizard/magic dart (5)]
  3219 | D:3      | Reached skill level 1 in Unarmed Combat
  3219 | D:3      | Gained mutation: You are partially covered in molten scales (AC +1). [demonic ancestry]
  3219 | D:3      | Reached XP level 5. HP: 1/38 MP: 3/9
  3219 | D:3      | Killed themself with a bounced zap

Vault maps used:
D:1:      moated_graveyard_arrival, serial_corexii_hall, corexii_hall_statues_x,
          corexii_hall_statues_i, corexii_hall_statues_i, corexii_hall_statues_l
D:2:      old_standard_altar, first_bread
D:3:      grunt_dithmenos_smoke, marbit_many_paths, uniq_grinder

Action                   |  1- 3 |  4- 6 || total
-------------------------+-------+-------++-------
Melee: Unarmed           |    71 |    69 ||   140
       Dagger            |    15 |       ||    15
       Spear             |    16 |       ||    16
       Short sword       |     4 |       ||     4
 Cast: Shock             |    43 |    24 ||    67
       Repel Missiles    |     1 |       ||     1
       Static Discharge  |       |     3 ||     3
  Use: Scroll            |       |     2 ||     2
 Stab: Sleeping          |     4 |     5 ||     9
  Eat: Chunk             |     4 |     4 ||     8
